 Dungeon Crawl Stone Soup version 0.20.1-1-g8b1a95d (webtiles) character file.

90 vatarom the Ducker (level 4, -3/34 HPs)
             Began as a Demonspawn Gladiator on Sept 15, 2017.
             Killed from afar by Sigmund (13 damage)
             ... with a wand of flame (?/48)
             ... on level 2 of the Dungeon.
             The game lasted 00:03:31 (2341 turns).

vatarom the Ducker (Demonspawn Gladiator)           Turns: 2341, Time: 00:03:32

Health: -3/34      AC:  4    Str: 15    XL:     4   Next: 32%
Magic:  4/4        EV: 13    Int:  9    God:
Gold:   72         SH:  0    Dex: 15    Spells: 3/3 levels left

rFire    . . .     SeeInvis .   a - +1 long sword
rCold    . . .     Gourm    .   (no shield)
rNeg     . . .     Faith    .   b - +0 leather armour
rPois    .         Spirit   .   c - +0 helmet
rElec    .         Reflect  .   (no cloak)
rCorr    .         Harm     .   (no gloves)
MR       .....                  (no boots)
Stlth    +.........             (no amulet)
Regen    0.2/turn               (no ring)
MPRegen  0.1/turn               (no ring)

@: no status effects
A: foul stench 1, rot immunity
a: no special abilities


You were on level 2 of the Dungeon.
You were hungry.

You visited 1 branch of the dungeon, and saw 2 of its levels.

You collected 72 gold pieces.

Inventory:

Hand Weapons
 a - a +1 long sword (weapon)
Armour
 b - a +0 leather armour (worn)
 c - a +0 helmet (worn)
Scrolls
 i - 2 scrolls of identify
Comestibles
 f - 2 bread rations
 g - 2 royal jellies


   Skills:
 + Level 2.3 Fighting
 * Level 3.3 Long Blades
 - Level 1.7 Throwing
 + Level 1.5 Armour
 * Level 3.5 Dodging


You had 3 spell levels left.
You didn't know any spells.

Dungeon Overview and Level Annotations

Branches:
Dungeon (2/15)

Altars:
Dithmenos
Kikubaaqudgha
Nemelex Xobeh
Okawaru
Trog
Uskayaw
Vehumet
Xom

Annotations:
D:2 Sigmund


Innate Abilities, Weirdness & Mutations

You may emit foul miasma when damaged in melee.
You are immune to rotting.


Message History

Deactivating autopickup; reactivate with Ctrl-A.
The bat closely misses you. The worm bites you but does no damage.
The worm looks sick.
Something hits you!
You feel less invigorated.
You feel less confused. The bat barely misses you.
Found a bread ration, a scroll of identify and a dagger.
The bat closely misses you. The bat hits you but does no damage.
You hear a zap.
A puff of flame appears from out of thin air!
The puff of flame hits you! The bat misses you. The bat closely misses you.
The bat closely misses you. The bat hits you.
* * * LOW HITPOINT WARNING * * *
You hear a zap.
A puff of flame appears from out of thin air!
The puff of flame hits you!
You die...

.................%..
....>...............
.................##
.......(....w.....+
....%.#####.{....##
....#.#####...####
....+............##
....##.#####'##...#####.
.. ......b@....... ..
###....).......
...............
..........##...
......#.#.. ..
......#.#... .
##....#.#....
#....#.#....#


You could see a worm and a bat.

Vanquished Creatures
  Robin (D:2)
  An adder (D:1)
  A worm (D:1)
  A dart slug (D:1)
  2 leopard geckos (D:1)
  6 bats
  2 giant cockroaches
  16 goblins
  3 hobgoblins (D:1)
  9 jackals (D:1)
  6 kobolds
  A frilled lizard (D:2)
  5 rats (D:1)
54 creatures vanquished.

Notes
Turn   | Place    | Note
-------+----------+-------------------------------------------
     0 | D:1      | vatarom the Demonspawn Gladiator began the quest for the Orb.
     0 | D:1      | Reached XP level 1. HP: 16/16 MP: 1/1
   249 | D:1      | Gained mutation: You are immune to rotting. [demonic ancestry]
   249 | D:1      | Reached XP level 2. HP: 22/22 MP: 2/2
   893 | D:1      | Reached XP level 3. HP: 24/27 MP: 3/3
   946 | D:1      | Reached skill level 1 in Armour
  1290 | D:2      | Noticed Sigmund
  1866 | D:2      | Found a shimmering altar of Xom.
  1866 | D:2      | Found a shadowy altar of Dithmenos.
  1866 | D:2      | Found an iron altar of Okawaru.
  1866 | D:2      | Found a radiant altar of Vehumet.
  1866 | D:2      | Found a bloodstained altar of Trog.
  1866 | D:2      | Found a hide-covered altar of Uskayaw.
  1866 | D:2      | Found a sparkling altar of Nemelex Xobeh.
  1869 | D:2      | Found an ancient bone altar of Kikubaaqudgha.
  1872 | D:2      | Noticed Robin
  1901 | D:1      | Gained mutation: You may emit foul miasma when damaged in melee. [demonic ancestry]
  1901 | D:1      | Reached XP level 4. HP: 18/33 MP: 4/4
  2147 | D:2      | Killed Robin
  2341 | D:2      | Killed from afar by Sigmund

Skill      XL: |  1  2  3 |
---------------+----------+-----
Dodging        | 3 |  3.5
Long Blades    | 3 |  3.3
Armour         | 1 |  1.5
Fighting       | |  2.3
Throwing       | |  1.7

Action                   |  1- 3 |  4- 6 || total
-------------------------+-------+-------++-------
Melee: Long sword        |   104 |    34 ||   138
Throw: Throwing net      |     2 |     2 ||     4
  Use: Scroll            |     3 |     2 ||     5
       Potion            |     2 |     2 ||     4
 Stab: Held in net/web   |       |     1 ||     1
  Eat: Chunk             |     3 |     1 ||     4
Armor: Leather armour    |    34 |    13 ||    47
Dodge: Dodged            |   127 |    49 ||   176
       Rpst.: Long sword |    39 |     9 ||    48
